 Dungeon Crawl Stone Soup version 0.30-a0-365-ge7f957f1db (webtiles) character file.

Game seed: 12853219067413230344

1 Manisia the Trooper (level 1, 22/22 HPs)
             Began as an Ogre Wanderer on Nov 17, 2022.
             Quit the game on level 1 of the Dungeon.
             The game lasted 00:00:38 (130 turns).

Manisia the Trooper (Ogre Wanderer)                  Turns: 130, Time: 00:00:38

Health: 22/22      AC:  3    Str: 13    XL:     1   Next: 20%
Magic:  0/2        EV:  9    Int: 14    God:
Gold:   0          SH:  0    Dex:  9    Spells: 1/2 levels left

rFire   . . .      SeeInvis .    a - +2 sling
rCold   . . .      Faith    .    (no shield)
rNeg    . . .      Spirit   .    d - +0 robe
rPois   .          Reflect  .    b - +0 hat
rElec   .          Harm     .    (no cloak)
rCorr   .          Rampage  .    (gloves unavailable)
Will    .....                    (boots unavailable)
Stlth   ++........               (no amulet)
HPRegen 0.23/turn                (no ring)
MPRegen 0.08/turn                (no ring)

@: very slightly contaminated
A: large, unfitting armour, tough skin 1
a: no special abilities


You were on level 1 of the Dungeon.
You visited 1 branch of the dungeon, and saw 1 of its levels.

Inventory:

Hand Weapons
 a - a +2 sling (weapon)
Armour
 b - a +0 hat (worn)
 d - a +0 robe (worn)
Scrolls
 f - a scroll of vulnerability {unknown}
Potions
 c - a potion of attraction
 e - a potion of berserk rage {unknown}


   Skills:
 + Level 2.6 Fighting
 + Level 1.5 Ranged Weapons
 + Level 2.1 Stealth
 + Level 1.2 Spellcasting
 + Level 1.7 Fire Magic


You had one spell level left.
You knew the following spells:

 Your Spells              Type           Power      Damage    Failure   Level
a - Foxfire               Conj/Fire      12%        2x1d4     19%         1

Your spell library contained the following spells:

 Spells                   Type           Power      Damage    Failure   Level
 Kindle Blastsparks       Fire/Tloc/Air  4%         2d10      52%         3


Dungeon Overview and Level Annotations

Branches:
Dungeon (1/15)

Altars:


Innate Abilities, Weirdness & Mutations

You are too large for most types of armour.
You have tough skin. (AC +1)


Message History

Welcome, Manisia the Ogre Wanderer.
If you return without finding the Orb of Zot, so far below, it's all over!
Press ? for a list of commands and other information.
Found a deep dwarf skeleton.
Found a staircase leading out of the dungeon.
You begin with the following items: a +2 sling, a +0 hat, a potion of attraction, a +0 robe; and the following spell memorised: Foxfire; and the following spells available to memorise: Kindle Blastsparks.
Okay, then.
Casting: Foxfire (safe; 19% risk of failure)
Confirm with . or Enter, or press ? or * to list all spells.
Okay, then.
Found a deep dwarf skeleton.
Found a deep dwarf skeleton and a murky blue potion.
Found 5 stones.
Found a deep dwarf skeleton.
e - a murky blue potion You see here a deep dwarf skeleton.
There is an abandoned shop here.
Found an escape hatch in the floor.
Found a stone staircase leading down.
There is an escape hatch in the floor here.
You open the door.
There is an open door here.
f - a scroll labelled KAIKAS ACKAIQA
Found a stone staircase leading down.
A bat comes into view.
Casting: Foxfire (safe; 19% risk of failure)
Confirm with . or Enter, or press ? or * to list all spells.
You miscast Foxfire.
You are very lightly contaminated with residual magic.
Nothing appears to happen.
Casting: Foxfire (safe; 19% risk of failure)
Confirm with . or Enter, or press ? or * to list all spells.
You conjure some foxfire!
You shoot a sling bullet. The sling bullet hits the bat.
The bat is severely wounded.
The foxfire hits the bat.
You kill the bat!
Are you sure you want to abandon this character and quit the game? (Confirm with "yes".)

#......... ##
#......... .
#.........
#.#.........
#.#.........
#>..........
#..§§......
#§@##### #§§v§..#
##.###.##
#.###..###########
#.................
######...#########
########..######
#.........#....#
#..............###


There were no monsters in sight!

Vanquished Creatures
  A bat (D:1)
1 creature vanquished.

Notes
Turn   | Place    | Note
-------+----------+-------------------------------------------
     0 | D:1      | Manisia the Ogre Wanderer began the quest for the Orb.
     0 | D:1      | Manisia set off with the following items: a +2 sling, a +0
                  | hat, a potion of attraction, a +0 robe; and the following
                  | spell memorised: Foxfire; and the following spells
                  | available to memorise: Kindle Blastsparks.
     0 | D:1      | Reached XP level 1. HP: 22/22 MP: 2/2
   130 | D:1      | Quit the game

Illustrated notes

Levels and vault maps discovered:
D:1:      amcnicky_arrival_abandoned_market, layout_basic

Action                   || total
-------------------------++-------
 Fire: Sling             ||     1
 Cast: Foxfire           ||     1

Table legend: (Time is in decaauts)
 A = Elapsed time spent in this place.
 B = Non-inter-level travel time spent in this place.
 C = Inter-level travel time spent in this place.
 D = Time resting spent in this place.
 E = Time spent auto-exploring this place.
 F = Levels seen in this place.
 G = Mean time per level.
                   A        B        C        D        E       F      G
               +--------+--------+--------+--------+--------+-----+--------+
         Total |    130 |    130 |      0 |      0 |    100 |   1 |  130.0 |
       Dungeon |    130 |    130 |      0 |      0 |    100 |   1 |  130.0 |
               +--------+--------+--------+--------+--------+-----+--------+

Top non-repeatable levels by time:
     D:1: 130 daAuts
